 Dungeon Crawl Stone Soup version 0.30.0-17-ge0270778cf (webtiles) character file.

Game seed: 16718277912799199501

330 PoweredByGinger the Chopper (level 6, 0/84 HPs)
             Began as a Hill Orc Fighter on May 23, 2023.
             Slain by an orc wizard
             ... wielding a +0 dagger
              (2 damage)
             ... on level 3 of the Dungeon.
             The game lasted 00:03:37 (2302 turns).

PoweredByGinger the Chopper (Hill Orc Fighter)      Turns: 2302, Time: 00:03:37

Health: 0/84       AC:  6    Str: 21    XL:     6   Next: 51%
Magic:  6/6        EV:  9    Int:  8    God:
Gold:   205        SH:  4    Dex: 10    Spells: 5/5 levels left

rFire   . . .        a - +0 war axe
rCold   . . .        c - +0 buckler
rNeg    . . .        b - +0 scale mail
rPois   .            (no helmet)
rElec   .            (no cloak)
rCorr   .            (no gloves)
SInv    .            (no boots)
Will    .....        (no amulet) Stlth
                     (no ring)
HPRegen 0.34/turn    (no ring)
MPRegen 0.10/turn

%: no passive effects
@: brilliant, berserking (expiring), very quick
A: no striking features
a: no special abilities


You were on level 3 of the Dungeon.
You visited 1 branch of the dungeon, and saw 3 of its levels.

You collected 205 gold pieces.

Inventory:

Hand Weapons
 a - a +0 war axe (weapon)
Missiles
 i - a throwing net (quivered)
Armour
 b - a +0 scale mail (worn)
 c - a +0 buckler (worn)
Wands
 s - a wand of polymorph (9)
Scrolls
 e - 4 scrolls of identify {unknown}
 f - 2 scrolls of poison {unknown}
 j - 2 scrolls of magic mapping {unknown}
 k - 2 scrolls of amnesia {unknown}
 l - a scroll of fog {unknown}
 m - 4 scrolls of teleportation {unknown}
 q - a scroll of acquirement {unknown}
 r - a scroll of blinking {unknown}
Potions
 d - 2 potions of might
 h - a potion of degeneration {unknown}
 n - a potion of attraction {unknown}
 o - a potion of brilliance
 p - a potion of ambrosia


   Skills:
 + Level 5.2 Fighting
 * Level 6.3 Axes
 - Level 3.6 Armour
 + Level 4.7 Shields


You had 5 spell levels left.
You didn't know any spells.
Your spell library contained the following spells:

 Spells                   Type           Power      Damage    Failure   Level
 Ensorcelled Hibernation  Hex/Ice        0%         N/A       91%         2
 Passwall                 Tmut/Erth      0%         N/A       91%         2
 Call Canine Familiar     Summ           0%         N/A       99%         3
 Portal Projectile        Hex/Tloc       0%         N/A       99%         3
 Swiftness                Air            0%         N/A       99%         3
 Leda's Liquefaction      Hex/Erth       0%         N/A       100%        4


Dungeon Overview and Level Annotations

Branches:
Dungeon (3/15)

Altars:

Shops:
D:1 :


Message History

* * * LOW HITPOINT WARNING * * *
The orc hits you but does no damage.
The orc wizard hits you but does no damage.
You bump into the rock wall.
You feel a strong urge to attack something.
You feel less confused.
An orc wizard appears from thin air!
Reactivating autopickup.
The orc wizard hits you but does no damage.
The orc wizard mumbles some strange words.
The orc wizard flickers and vanishes!
Deactivating autopickup; reactivate with Ctrl-A.
The orc hits you but does no damage.
Unknown command.
Unknown command.
Unknown command.
Unknown command.
You slice the orc wizard!!
You kill the orc wizard!
You hit the orc.
You kill the orc!
You hit something. Something hits you but does no damage.
Unknown command.
Unknown command.
Unknown command.
You barely miss something. You hit the quokka. The quokka closely misses you.
Unknown command.
Unknown command.
You barely miss something. You hit the quokka.
You kill the quokka!
You hear some strange, mumbled words.
Something tries to affect you, but you resist.
Unknown command.
Unknown command.
You miss something. Something hits you.
* * * LOW HITPOINT WARNING * * *
Unknown command.
Unknown command.
You completely miss something. Something hits you.
You die...

#... ####...
#...... #.##...
#.##...
#####.#####
#.....#
########'#####
#@).......#
#{).......#
#.........#
......)#####....#
#####.. #....#
##. #....# ##
#....# ####....#
#...#####


There were no monsters in sight!

Vanquished Creatures
  Sigmund (D:3)
  A hound (D:2)
  A jelly (D:3)
  An orc wizard (D:3)
  3 adders
  A dart slug (D:2)
  7 orcs (D:3)
  2 ball pythons
  5 endoplasms
  A giant cockroach (D:2)
  5 goblins
  2 hobgoblins
  A jackal (D:2)
  A quokka (D:3)
  4 bats
  5 frilled lizards
  8 kobolds
  6 rats
55 creatures vanquished.

Notes
Turn   | Place    | Note
-------+----------+-------------------------------------------
     0 | D:1      | PoweredByGinger the Hill Orc Fighter began the quest for
                  | the Orb.
     0 | D:1      | Reached XP level 1. HP: 19/19 MP: 1/1
    39 | D:1      | Found Kopsi's Book Shop.
   343 | D:1      | Reached skill level 3 in Axes
   446 | D:1      | Reached XP level 2. HP: 21/27 MP: 2/2
   876 | D:2      | Reached XP level 3. HP: 28/33 MP: 3/3
  1556 | D:3      | Reached skill level 4 in Axes
  1610 | D:3      | Reached XP level 4. HP: 27/40 MP: 4/4
  1834 | D:3      | Noticed Sigmund
  1865 | D:2      | Reached skill level 5 in Axes
  1865 | D:2      | Reached XP level 5. HP: 28/47 MP: 5/5
  2139 | D:3      | Killed Sigmund
  2140 | D:3      | Reached skill level 5 in Fighting
  2140 | D:3      | Reached skill level 6 in Axes
  2140 | D:3      | Reached XP level 6. HP: 49/56 MP: 6/6
  2295 | D:3      | HP: 2/56 [orc/+0 club (2)]
  2301 | D:3      | HP: 2/84 [something (1)]
  2302 | D:3      | Slain by an orc wizard

Illustrated notes

Levels and vault maps discovered:
D:1:      dpeg_arrival_refuge, layout_basic, serial_shops, shop, st_stairs_5,
          item_on_display_a
D:2:      layout_loops_ring, kennysheep_potato
D:3:      layout_basic, eino_tiny_chamber, minivault_25, uniq_sigmund

Skill      XL: |  1  2  3  4  5 |
---------------+----------------+-----
Axes           | 3 4 5 6 |  6.3
Fighting       | 4 5 |  5.2
Shields        | 4 |  4.7
Armour         | |  3.6

Action                     |  1- 3 |  4- 6 || total
---------------------------+-------+-------++-------
  Melee: War axe           |    97 |    83 ||   180
         Unarmed           |       |     2 ||     2
    Use: Potion            |       |     3 ||     3
 Armour: Scale mail        |    48 |    52 ||   100
  Dodge: Dodged            |    40 |    36 ||    76
  Block: Buckler           |    25 |    16 ||    41
